 Dungeon Crawl Stone Soup version 0.22-a0-159-g7ce444f (webtiles) character file.

7456 4thArraOfDagon the Transmogrifier (level 10, -1/42 HPs)
             Began as a Felid Abyssal Knight on Feb 9, 2018.
             Was a Priest of Lugonu.
             Slain by a two-headed ogre
             ... wielding a +0 giant spiked club
              (34 damage)
             ... on level 14 of the Dungeon.
             The game lasted 00:36:29 (7409 turns).

4thArraOfDagon the Transmogrifier (FeAK)            Turns: 7409, Time: 00:36:30

Health: -1/42      AC:  2    Str:  8    XL:     10   Next: 94%
Magic:  21/23      EV: 23    Int: 17    God:    Lugonu [***...]
Gold:   516        SH:  0    Dex: 16    Spells: 10/25 levels left
                                        Lives:  0   Deaths: 3

rFire    + . .     SeeInvis +     - Unarmed
rCold    . . .     Gourm    .   (shield unavailable)
rNeg     . . .     Faith    .   (armour unavailable)
rPois    .         Spirit   .   (helmet unavailable)
rElec    .         Reflect  .   (cloak unavailable)
rCorr    .         Harm     .   (gloves unavailable)
MR       +....                  (boots unavailable)
Stlth    ++........             h - amulet of regeneration
HPRegen  0.54/turn              y - ring of protection from fire
MPRegen  0.18/turn              (no ring)

@: blade paws (expiring), quick
A: very small, no armour, no weapons or thrown items, stealth, claws 1, fangs 3,
see invisible, carnivore, speed 1, shaggy fur 2, slow metabolism 1
a: End Transformation, Depart the Abyss, Bend Space, Banish, Renounce Religion


You were on level 14 of the Dungeon.
You worshipped Lugonu.
Lugonu was most pleased with you.
You were very full.
You had blades for front paws.
You visited 1 branch of the dungeon, and saw 15 of its levels.
You visited the Abyss 1 time.

You collected 566 gold pieces.
You spent 50 gold pieces at shops.

Inventory:

Jewellery
 h - an amulet of regeneration (around neck)
 w - an uncursed ring of ice
 y - a ring of protection from fire (left scythe-like blade)
Wands
 v - a wand of iceblast (12)
Scrolls
 b - 6 scrolls of teleportation
 c - 2 scrolls of fog
 d - 2 scrolls of fear {unknown}
 e - a scroll of magic mapping
 f - 2 scrolls of enchant armour {unknown}
 g - 6 scrolls of identify
 i - 3 scrolls of immolation
 j - a scroll of enchant weapon {unknown}
 m - 2 scrolls of random uselessness {unknown}
 o - 3 scrolls of blinking {unknown}
 r - 4 scrolls of remove curse
 u - a scroll of amnesia
 x - a scroll of brand weapon
Potions
 k - a potion of haste
 n - a potion of heal wounds
 q - 2 potions of lignification
 s - a potion of might
 t - a potion of magic
 z - a potion of resistance
 A - a potion of berserk rage
 B - a potion of brilliance
Books
 l - a book of Transfigurations

   Spells                             Type                      Level
   a - Irradiate                      Conjuration/Transmutation    5
   b - Statue Form                    Transmutation/Earth          6
   c - Hydra Form                     Transmutation                6
   d - Dragon Form                    Transmutation                7
 p - a book of Changes

   Spells                             Type                      Level
   a - Beastly Appendage              Transmutation                1
   b - Sticks to Snakes               Transmutation                2
   c - Spider Form                    Transmutation/Poison         3
   d - Ice Form                       Ice/Transmutation            4
   e - Blade Hands                    Transmutation                5
Comestibles
 a - 18 rations


   Skills:
 - Level 3.0 Fighting
 - Level 7.3 Dodging
 - Level 6.2 Stealth
 - Level 7.0 Unarmed Combat
 * Level 8.1 Spellcasting
 * Level 9.7 Transmutations
 * Level 5.4 Earth Magic
 - Level 5.0 Invocations
 - Level 9.0 Evocations


You had 10 spell levels left.
You knew the following spells:

 Your Spells              Type           Power        Failure   Level  Hunger
a - Blade Hands           Tmut           #####.....   32%         5    #####..
b - Statue Form           Tmut/Erth      ####.....    90%         6    ######.
c - Ice Form              Ice/Tmut       ###.....     54%         4    ###....


Dungeon Overview and Level Annotations

Branches:
Dungeon (15/15)
 Temple: D:4-7         Lair: D:8-11         Orc: D:9-12      Vaults: D:13-14
 Depths: D:15

Altars:
Elyvilon
Ru
Uskayaw
Yredelemnul
The Shining One

Shops:
D:10 (   D:15 *

Annotations:
D:4 p0werm0de's ghost, weakling VSCK
D:8 Gastronok
D:9 exclusion: ice statue


Innate Abilities, Weirdness & Mutations

You cannot wear armour.
You are incapable of wielding weapons or throwing items.
Your paws allow you to move quietly. (Stealth)
You have sharp claws.
You have razor-sharp teeth.
You have supernaturally acute eyesight. (SInv)
You are carnivorous and can eat meat at any time.
You cover ground quickly.
You are covered in thick fur. (AC +2)
You have a slow metabolism.
((Your sharp claws are effective at attacking unaware monsters.))


Message History

The hippogriff misses you.
Unknown command.
You slice the hippogriff!!
The hippogriff is severely wounded.
The hippogriff completely misses you. The hippogriff closely misses you. x2
Unknown command.
You hit the hippogriff.
The hippogriff is severely wounded.
The hippogriff barely misses you.
The hippogriff pecks you but does no damage.
The hippogriff claws you but does no damage.
Unknown command.
You slash the hippogriff!
You kill the hippogriff!
Lugonu accepts your kill.
Unknown command.
You hit the two-headed ogre but do no damage.
The two-headed ogre hits you with a giant spiked club!!
Ouch! That really hurt!
You die...

...... ........# ....... .....
.......### .P...P..#
#..#########......... ........#
#..#.......#......... .P...P..#
#..'.....###........# ........#
#..#.....'..........#
.P...P..#####..#.....#..........#
...............#######..........#
.P...P.........O@...............#
..........##############......<.#
.P...P....# ....... #........#
........### .......####........#
.P...P..............'...........#
....................#...........#
.P...P..#########...#............
........# #...#............
.P...P..# #...#...........#


You could see a two-headed ogre.

Vanquished Creatures
  A large abomination (Abyss:2)
  2 unseen horrors (D:15)
  Maurice (D:8)
  A cyclops (D:8)
  Psyche (D:8)
  A centaur skeleton (D:12)
  2 kobold demonologists
  A troll (D:15)
  Grinder (D:3)
  3 hippogriffs
  A blink frog (Abyss:2)
  A meliai zombie (D:15)
  A shadow (D:15)
  3 wraiths
  A spriggan (D:7)
  5 yaks (D:11)
  3 vampire mosquitoes (D:13)
  An ice beast (D:7)
  A phantom (D:7)
  2 orc warriors
  A black bear (D:8)
  A sky beast (D:6)
  An eye of draining (D:10)
  7 ogres
  3 centaurs
  4 big kobolds
  5 bullfrogs
  A wyvern zombie (D:15)
  3 scorpions
  6 wights
  A howler monkey (D:6)
  6 crimson imps
  5 centaur zombies
  10 hounds
  2 jellies
  8 orc wizards
  4 orc priests
  3 worker ants
  Ijyb (D:5)
  An iguana (D:12)
  2 hound skeletons
  A worker ant zombie (D:8)
  7 adders
  7 gnolls
  A howler monkey skeleton (D:6)
  4 shadow imps
  12 white imps
  An ufetubus (D:11)
  2 oozes (D:1)
  An adder zombie (D:5)
  An adder skeleton (D:8)
  A worm (D:4)
  2 dart slugs
  3 leopard geckos
  43 orcs
  3 ball pythons
  6 bats
  6 giant cockroaches
  7 hobgoblins
  4 jackals
  8 quokkas
  7 frilled lizards
  7 goblins
  11 kobolds
  A leopard gecko skeleton (D:7)
  A quokka skeleton (D:6)
  8 rats
263 creatures vanquished.

Vanquished Creatures (others)
  A hydra (D:15)
  The ghost of Azzok the Fighter, a journeyman GrFi of Okawaru (D:10)
  A centaur warrior (D:14)
  An unseen horror (D:12)
  An orc knight (D:15)
  2 manticores (shapeshifter) (D:15)
  2 ugly things
  2 kobold demonologists (D:15)
  A polar bear (D:11)
  A hungry ghost (D:14)
  A vampire mosquito (D:13)
  An orc wizard (D:8)
15 creatures vanquished.

Grand Total: 278 creatures vanquished

Notes
Turn   | Place    | Note
-------+----------+-------------------------------------------
     0 | Abyss:1  | 4thArraOfDagon the Felid Abyssal Knight began the quest for the Orb.
     0 | Abyss:1  | Reached XP level 1. HP: 10/10 MP: 3/3
    62 | Abyss:2  | Noticed a wretched star
    78 | Abyss:2  | Noticed a wretched star
    78 | Abyss:2  | Noticed a large abomination
    88 | Abyss:2  | Noticed a blink frog
    97 | Abyss:2  | Killed a large abomination
    97 | Abyss:2  | Reached XP level 2. HP: 14/14 MP: 4/8
    97 | Abyss:2  | Reached XP level 3. HP: 17/17 MP: 4/9
    97 | Abyss:2  | Reached XP level 4. HP: 21/21 MP: 4/11
    97 | Abyss:2  | Reached XP level 5. HP: 24/24 MP: 4/12
    97 | Abyss:2  | Gained mutation: You are covered in thick fur. (AC +2) [Felid growth]
    97 | Abyss:2  | Reached XP level 6. HP: 28/28 MP: 4/13
    97 | Abyss:2  | Reached XP level 7. HP: 31/31 MP: 4/14
    97 | Abyss:2  | Killed a blink frog
   100 | Abyss:2  | Noticed a soul eater
   102 | D:1      | Escaped the Abyss
   123 | D:1      | Reached * piety under Lugonu
   280 | D:1      | Reached skill level 1 in Stealth
   606 | D:2      | Found a sacrificial altar of Ru.
   890 | D:2      | Reached ** piety under Lugonu
  1107 | D:3      | Found a hide-covered altar of Uskayaw.
  1107 | D:3      | Found a glowing golden altar of the Shining One.
  1123 | D:3      | Noticed Grinder
  1186 | D:3      | Killed Grinder
  1186 | D:3      | Reached XP level 8. HP: 21/34 MP: 15/15
  1433 | D:3      | HP: 1/34 [gnoll/spear (9)]
  1684 | D:4      | Noticed p0werm0de's ghost (weakling VSCK)
  1707 | D:3      | Learned a level 5 spell: Blade Hands
  2295 | D:4      | Reached skill level 1 in Transmutations
  2370 | D:5      | Entered Level 5 of the Dungeon
  2390 | D:4      | Reached skill level 1 in Spellcasting
  2520 | D:5      | Found a white marble altar of Elyvilon.
  2931 | D:5      | Reached *** piety under Lugonu
  2941 | D:5      | Noticed Ijyb
  3007 | D:5      | Killed Ijyb
  3245 | D:6      | Reached XP level 9. HP: 13/37 MP: 16/16
  3447 | D:6      | Reached skill level 5 in Dodging
  3604 | D:7      | Reached skill level 5 in Unarmed Combat
  4008 | D:8      | Noticed Maurice
  4014 | D:8      | Killed Maurice
  4014 | D:8      | Reached skill level 5 in Transmutations
  4019 | D:8      | Reached **** piety under Lugonu
  4084 | D:8      | Noticed Psyche
  4092 | D:8      | Killed Psyche
  4266 | D:8      | Noticed Gastronok
  4330 | D:8      | Noticed a two-headed ogre
  4403 | D:8      | HP: 1/37 [orc wizard/magic dart (5)]
  4523 | D:8      | Killed from afar by Gastronok
  4524 | D:8      | Reached XP level 8. HP: -13/34 MP: 3/16
  4529 | D:8      | Noticed a cyclops
  4537 | D:8      | Killed a cyclops
  4537 | D:8      | Reached skill level 5 in Spellcasting
  4537 | D:8      | Reached XP level 9. HP: 8/37 MP: 12/17
  4791 | D:10     | Entered Level 10 of the Dungeon
  4803 | D:10     | Noticed Azzok's ghost (journeyman GrFi)
  4892 | D:9      | Slain by a yak
  4893 | D:9      | Reached XP level 8. HP: -4/34 MP: 13/16
  4900 | D:9      | Noticed an ice statue
  4962 | D:9      | You fall through a shaft for 2 floors!
  5002 | D:11     | Reached XP level 9. HP: 29/37 MP: 15/18
  5041 | D:11     | Noticed a brown ugly thing
  5043 | D:11     | Noticed a polar bear
  5068 | D:11     | Banished a brown ugly thing
  5158 | D:11     | Banished a polar bear
  5182 | D:11     | Learned a level 6 spell: Statue Form
  5392 | D:11     | Noticed a kobold demonologist
  5408 | D:10     | Learned a level 4 spell: Ice Form
  5412 | D:10     | Found Wunnogga's Weapon Emporium.
  5569 | D:10     | Reached skill level 1 in Earth Magic
  5611 | D:10     | Banished Azzok's ghost
  5745 | D:11     | Noticed a soul eater
  5745 | D:11     | Killed a kobold demonologist
  5745 | D:11     | Reached XP level 10. HP: 32/42 MP: 10/20
  6003 | D:13     | Noticed a tengu warrior
  6216 | D:12     | Noticed an unseen horror
  6219 | D:12     | Banished an unseen horror
  6264 | D:12     | Noticed a green ugly thing
  6283 | D:12     | Banished a green ugly thing
  6509 | D:13     | Noticed a tengu warrior
  6561 | D:14     | Noticed a centaur warrior
  6562 | D:14     | Banished a centaur warrior
  6568 | D:15     | Entered Level 15 of the Dungeon
  6591 | D:15     | Noticed an unseen horror
  6624 | D:15     | Reached skill level 5 in Invocations
  6733 | D:15     | Noticed an eight-headed hydra
  6745 | D:15     | Slain by an eight-headed hydra
  6746 | D:15     | Reached XP level 9. HP: -1/37 MP: 17/20
  6778 | D:15     | Banished an eight-headed hydra
  6778 | D:15     | Reached XP level 10. HP: 42/42 MP: 16/21
  6853 | D:15     | Noticed a manticore
  6857 | D:15     | Banished a manticore
  6976 | D:15     | Killed an unseen horror
  6983 | D:15     | Noticed a manticore
  6992 | D:15     | Banished a manticore
  7024 | D:15     | Found a basalt altar of Yredelemnul.
  7074 | D:15     | Noticed an unseen horror
  7084 | D:15     | Killed an unseen horror
  7084 | D:15     | Reached skill level 5 in Earth Magic
  7223 | D:15     | Noticed an orc knight
  7249 | D:15     | Banished an orc knight
  7324 | D:15     | Found Tilaesa's Assorted Antiques.
  7330 | D:15     | Bought a scroll of identify for 50 gold pieces
  7346 | D:14     | Noticed a cyan ugly thing
  7346 | D:14     | Noticed a cyan ugly thing
  7382 | D:14     | Noticed a two-headed ogre
  7409 | D:14     | Slain by a two-headed ogre

Vault maps used:
D:1:      co_arrival_hall_of_pillars
D:2:      nicolae_ru_sacrificial_ziggurat
D:3:      gammafunk_temple_overflow_elements, uniq_grinder
D:5:      kennysheep_ying_yang, minmay_overflow_temple_star_quad,
          minmay_temple_entry_poolview, first_ration, minmay_tree_intersection,
          uniq_ijyb, uniq_pikel
D:7:      the_bakery, minmay_misc_feat_nine_boxes
D:8:      erik_lair_dragon, uniq_psyche, uniq_gastronok, uniq_maurice
D:9:      lemuel_ice_statue, erik_orc_4
D:10:     serial_shops, shop_statue, uniq_grum
D:11:     serial_ice, serial_ice_h, serial_ice_m, serial_ice_b, serial_ice_e,
          portal_ice_cave_entry_imps, st_stairs_8,
          minmay_misc_feat_secret_circle, uniq_nergalle
D:13:     david_vaults_1, kennysheep_crisscross, grunt_ministairs_1,
          wad_floor_pattern_2
D:14:     serial_park_avenue1
D:15:     gammafunk_enter_depths_forms, minmay_misc_feat_hallway, serial_shops,
          shop, basic_altar, uniq_roxanne

Skill      XL: |  1  2  3  4  5  6  7  8  9 10 |
---------------+-------------------------------+-----
Evocations     | 8 9 |  9.0
Stealth        | 6 |  6.2
Transmutations | 6 7 9 |  9.7
Unarmed Combat | 4 7 |  7.0
Spellcasting   | 5 6 8 |  8.1
Dodging        | 4 7 |  7.3
Invocations    | 4 5 |  5.0
Earth Magic    | 4 5 |  5.4
Fighting       | |  3.0

Action                   |  1- 3 |  4- 6 |  7- 9 | 10-12 || total
-------------------------+-------+-------+-------+-------++-------
Melee: Unarmed           |       |       |  1164 |   220 ||  1384
       Bite              |       |       |   109 |    15 ||   124
       Punch             |       |       |    20 |     7 ||    27
 Cast: Blade Hands       |       |       |    10 |    17 ||    27
       Ice Form          |       |       |       |     1 ||     1
Invok: Depart the Abyss  |       |       |     1 |       ||     1
       Banish            |       |       |     5 |    15 ||    20
       Bend Space        |       |       |     1 |       ||     1
 Abil: End Transformatio |       |       |     3 |     8 ||    11
Evoke: Wand              |     2 |       |    43 |       ||    45
  Use: Scroll            |       |       |    12 |     4 ||    16
       Potion            |       |       |     9 |     2 ||    11
 Stab: Sleeping          |       |       |    20 |     6 ||    26
       Paralysed         |       |       |    18 |       ||    18
       Distracted        |       |       |       |     1 ||     1
  Eat: Chunk             |       |       |    37 |    13 ||    50
Armor: Skin              |       |       |   127 |    28 ||   155
Dodge: Dodged            |       |       |  1006 |   213 ||  1219

Table legend:
 A = Spawn XP
 B = Non-spawn XP
 C = Spawn XP percentage of total XP
 D = Spawn monster count
 E = Non-spawn monster count
 F = Spawn count percentage of total count
 G = Total turns spent on level
                    A         B        C        D         E        F      G
               +---------+---------+-------+---------+---------+-------+---------
         Total |       0 |   20366 |   0.0 |       0 |     278 |   0.0 |  7409
               +---------+---------+-------+---------+---------+-------+---------
           D:1 |       0 |      58 |   0.0 |       0 |      26 |   0.0 |   453
           D:2 |       0 |     100 |   0.0 |       0 |      21 |   0.0 |   570
           D:3 |       0 |     411 |   0.0 |       0 |      24 |   0.0 |   816
           D:4 |       0 |     286 |   0.0 |       0 |       8 |   0.0 |   484
           D:5 |       0 |     262 |   0.0 |       0 |       5 |   0.0 |   350
           D:6 |       0 |    1011 |   0.0 |       0 |      32 |   0.0 |   682
           D:7 |       0 |     652 |   0.0 |       0 |      17 |   0.0 |   514
           D:8 |       0 |    2283 |   0.0 |       0 |      35 |   0.0 |   697
           D:9 |       0 |     234 |   0.0 |       0 |       3 |   0.0 |   278
          D:10 |       0 |    1134 |   0.0 |       0 |      11 |   0.0 |   348
          D:11 |       0 |    3220 |   0.0 |       0 |      40 |   0.0 |   626
          D:12 |       0 |    1467 |   0.0 |       0 |      14 |   0.0 |   416
          D:13 |       0 |    1204 |   0.0 |       0 |      10 |   0.0 |   191
          D:14 |       0 |    1536 |   0.0 |       0 |       5 |   0.0 |   104
          D:15 |       0 |    5487 |   0.0 |       0 |      25 |   0.0 |   778
       Abyss:2 |       0 |    1021 |   0.0 |       0 |       2 |   0.0 |    77
               +---------+---------+-------+---------+---------+-------+---------
